 Dungeon Crawl Stone Soup version 0.27.1-1-g398f81649c (webtiles) character file.

Game seed: 7826056396553999044

65 Rickety the Sneak (level 3, -5/16 HPs)
             Began as a Spriggan Enchanter on Sept 13, 2021.
             Slain by a water moccasin (8 damage)
             ... on level 3 of the Dungeon.
             The game lasted 00:04:28 (2102 turns).

Rickety the Sneak (Spriggan Enchanter)              Turns: 2102, Time: 00:04:29

Health: -5/16      AC:  2    Str:  4    XL:     3   Next: 92%
Magic:  4/8        EV: 17    Int: 16    God:
Gold:   143        SH:  0    Dex: 16    Spells: 2/8 levels left

rFire    . . .     SeeInvis +   a - +0 dagger (venom)
rCold    . . .     Faith    .   (shield restricted)
rNeg     . . .     Spirit   .   b - +0 robe
rPois    .         Reflect  .   (helmet restricted)
rElec    .         Harm     .   (no cloak)
rCorr    .         Rampage  .   (gloves unavailable)
Will     .....                  (boots unavailable)
Stlth    +++.......             (no amulet)
HPRegen  0.05/turn              (no ring)
MPRegen  0.11/turn              (no ring)

@: lethally poisoned (-5 -> -13), very quick
A: very small, no large weapons, unfitting armour, see invisible, speed 3
a: no special abilities


You were on level 3 of the Dungeon.
You visited 1 branch of the dungeon, and saw 3 of its levels.

You collected 143 gold pieces.

Inventory:

Hand Weapons
 a - a +0 dagger of venom (weapon)
 g - a +1 dagger
Armour
 b - a +0 robe (worn)
Scrolls
 c - 2 scrolls of magic mapping {unknown}
 e - a scroll of summoning {unknown}
 f - a scroll of teleportation {unknown}
 h - a scroll of amnesia {unknown}
Potions
 d - a potion of curing {unknown}


   Skills:
 + Level 1.2 Short Blades
 + Level 2.7 Dodging
 * Level 6.1 Stealth
 + Level 3.0 Spellcasting
 + Level 4.3 Hexes
 + Level 0.8 Ice Magic


You had 2 spell levels left.
You knew the following spells:

 Your Spells              Type           Power      Damage    Failure   Level
a - Corona                Hex            17%        N/A       3%          1
b - Ensorcelled Hibernat  Hex/Ice        20%        N/A       10%         2
c - Confusing Touch       Hex            16%        N/A       10%         3

Your spell library contained the following spells:

 Spells                   Type           Power      Damage    Failure   Level
 Tukima's Dance           Hex            16%        N/A       10%         3
 Dazzling Flash           Conj/Hex       18%        N/A       22%         3


Dungeon Overview and Level Annotations

Branches:
Dungeon (3/15)

Altars:

Shops:
D:2 [


Innate Abilities, Weirdness & Mutations

You are very small and have problems with some larger weapons.
You are too small for most types of armour.
You have supernaturally acute eyesight. (SInv)
You cover ground extremely quickly. (Speed+++)


Message History

You impale the endoplasm!!
You kill the endoplasm!
Found a pair of runed gloves.
A goblin comes into view. It is wielding a +0 club.
A water moccasin comes into view.
Found 18 stones.
The helpless water moccasin fails to defend itself.
You impale the water moccasin!!
The water moccasin is severely wounded.
The water moccasin barely misses you. The water moccasin bites you.
The goblin shouts!
You closely miss the water moccasin.
The water moccasin is severely wounded.
You hear a shout!
The water moccasin closely misses you. The goblin barely misses you.
Casting: Ensorcelled Hibernation (safe; 10% risk of failure)
Confirm with . or Enter, or press ? or * to list all spells.
Aiming: Ensorcelled Hibernation (safe; 10% risk of failure)
Press: ? - help, Shift-Dir - straight line, f - water moccasin
Aim: a water moccasin (severely wounded, chance to affect: 41%)
The water moccasin resists with some effort.
The water moccasin bites you.
You are lethally poisoned!
The water moccasin poisons you!
A goblin comes into view. It is wielding a +0 club.
The goblin misses you.
You feel very sick.
You feel sick.
You feel sick.
You feel sick.
Casting: Ensorcelled Hibernation (safe; 10% risk of failure)
Confirm with . or Enter, or press ? or * to list all spells.
Aiming: Ensorcelled Hibernation (safe; 10% risk of failure)
Press: ? - help, Shift-Dir - straight line, f/p - water moccasin
Aim: a water moccasin (severely wounded, chance to affect: 41%)
The water moccasin resists with some effort.
* * * LOW HITPOINT WARNING * * *
You feel sick. The water moccasin bites you!
Ouch! That really hurt!
You die...

#.## ##...##
#..####(....##
##.#.##......[#
#.###.#.......# #
####.#.##.......#.#
##.###.####..g...#.#
##........###.......###.
........(......S......'.
##...##.#.######@..####
##)###.#.# #..##
#.#...#.# #.## #.#.###.#
#.# #.#.# #.# #.#
#.#.###.# #.# #.......#
#.# ###.##### #.# #.#


You could see a water moccasin and a goblin.

Vanquished Creatures
  2 adders (D:2)
  A dart slug (D:1)
  2 ball pythons (D:2)
  4 endoplasms
  3 giant cockroaches
  5 goblins
  4 hobgoblins
  3 jackals (D:1)
  4 bats
  3 frilled lizards
  5 kobolds
  5 rats
41 creatures vanquished.

Notes
Turn   | Place    | Note
-------+----------+-------------------------------------------
     0 | D:1      | Rickety the Spriggan Enchanter began the quest for the Orb.
     0 | D:1      | Reached XP level 1. HP: 9/9 MP: 5/5
   161 | D:1      | Reached XP level 2. HP: 13/13 MP: 4/6
   164 | D:1      | Learned a level 2 spell: Ensorcelled Hibernation
   193 | D:1      | Reached skill level 5 in Stealth
  1073 | D:2      | Reached XP level 3. HP: 16/16 MP: 8/8
  1077 | D:2      | Learned a level 3 spell: Confusing Touch
  1570 | D:2      | Found Vehoqor's Armour Shop.
  1713 | D:2      | Reached skill level 6 in Stealth
  2092 | D:3      | Noticed a water moccasin
  2102 | D:3      | Slain by a water moccasin

Illustrated notes

Levels and vault maps discovered:
D:1:      nicolae_arrival_washed_ashore, layout_basic,
          chequers_serial_rivers_room_a
D:2:      layout_basic, serial_shops, shop
D:3:      layout_loops_corners, st_stairs_14, serial_park_tiny_2

Skill      XL: |  1  2  3 |
---------------+----------+-----
Stealth        | 5 6 |  6.1
Hexes          | 4 |  4.3
Spellcasting   | 3 |  3.0
Short Blades   | |  1.2
Dodging        | |  2.7
Ice Magic      | |  0.8

Action                   || total
-------------------------++-------
Melee: Dagger            ||    85
 Cast: Corona            ||     7
       Ensorcelled Hiber ||    19
 Stab: Sleeping          ||    30
Armor: Robe              ||    11
Dodge: Dodged            ||    41
